 Dungeon Crawl Stone Soup version 0.21.1-1-g345015f (webtiles) character file.

1659 Monsterracer the Chopper (level 8, 0/68 HPs)
             Began as a Minotaur Wizard on Feb 24, 2018.
             Was a Believer of Okawaru.
             Slain by a wight
             ... wielding a +0 scimitar
              (1 damage)
             ... on level 6 of the Dungeon.
             The game lasted 00:12:55 (5441 turns).

Monsterracer the Chopper (Minotaur Wizard)          Turns: 5441, Time: 00:12:55

Health: 0/68       AC:  1    Str: 14    XL:     8   Next: 68%
Magic:  10/10      EV: 13    Int: 15    God:    Okawaru [**....]
Gold:   218        SH:  4    Dex:  9    Spells: 10/11 levels left

rFire    . . .     SeeInvis .   a - +0 war axe
rCold    . . .     Gourm    .   n - +0 buckler
rNeg     . . .     Faith    .   (no armour)
rPois    +         Spirit   .   f - +1 hat
rElec    .         Reflect  .   (no cloak)
rCorr    +         Harm     .   (no gloves)
MR       .....                  (no boots)
Stlth    +.........             m - amulet of regeneration
HPRegen  0.61/turn              h - ring of poison resistance {!d}
MPRegen  0.12/turn              p - ring of resist corrosion {!d}

@: drained
A: retaliatory headbutt, horns 2
a: Heroism, Renounce Religion


You were on level 6 of the Dungeon.
You worshipped Okawaru.
Okawaru was pleased with you.
You were not hungry.

You visited 1 branch of the dungeon, and saw 6 of its levels.

You collected 218 gold pieces.

Inventory:

Hand Weapons
 a - a +0 war axe (weapon)
 b - a +1 whip of draining
Armour
 d - a +0 ring mail
 f - a +1 hat (worn)
 n - a +0 buckler (worn)
 w - a +0 plate armour
Jewellery
 h - a ring of poison resistance (left hand) {!d}
 k - an uncursed ring of positive energy {!d}
 m - an amulet of regeneration (around neck)
 p - a ring of resist corrosion (right hand) {!d}
Wands
 q - a wand of disintegration (12)
 u - a wand of acid (8)
Scrolls
 e - 2 scrolls of teleportation
 j - a scroll of magic mapping {!r}
 o - a scroll of blinking
 r - a scroll of enchant weapon
Potions
 g - 2 potions of lignification {unknown}
 i - 3 potions of ambrosia {unknown}
 l - 2 potions of cancellation {unknown}
 s - 2 potions of brilliance {unknown}
 t - a potion of degeneration {unknown}
Comestibles
 c - 8 rations
 v - 3 chunks of flesh


   Skills:
 + Level 5.3(4.3) Fighting
 * Level 7.9(6.8) Axes
 + Level 4.3(3.3) Armour
 + Level 4.7(3.7) Dodging
 - Level 1.5(0.6) Stealth
 - Level 4.0(3.0) Shields
 - Level 2.1(1.2) Spellcasting
 - Level 0.6(0.0) Conjurations
   Level 0.6(0.0) Summonings
   Level 0.6(0.0) Translocations
 + Level 3.2(2.3) Invocations


You had 10 spell levels left.
You knew the following spells:

 Your Spells              Type           Power        Failure   Level  Hunger
a - Magic Dart            Conj           #...         26%         1    ##.....


Dungeon Overview and Level Annotations

Branches:
Dungeon (6/15)
 Temple: D:4-7

Altars:
Okawaru
Ru

Shops:
D:4 *


Innate Abilities, Weirdness & Mutations

You reflexively headbutt those who attack you in melee.
You have a pair of horns on your head.


Message History

You are too injured to fight recklessly!
You closely miss the orc warrior. Your headbutt misses the orc warrior.
The orc warrior is moderately wounded.
Your ring mail prevents you from hitting the orc. x2
You slash the orc!
You kill the orc!
Okawaru accepts your kill. The orc misses you.
The orc warrior hits you with a short sword!
You take 7 damage, and have 38/68 hp.
You hit the orc warrior.
The orc warrior is moderately wounded.
You closely miss the orc. You hit the orc.
You kill the orc!
Okawaru accepts your kill. The orc hits you but does no damage.
You hit the orc warrior.
The orc warrior is heavily wounded.
You slash the orc!
You kill the orc!
Okawaru accepts your kill.
You feel like a meek peon again. You block the orc warrior's attack.
You hit the orc warrior. You headbutt the orc warrior.
The orc warrior is heavily wounded.
The orc warrior hits you with a short sword!
* * * LOW HITPOINT WARNING * * *
You take 8 damage, and have 31/68 hp.
You hit the orc warrior but do no damage.
Your headbutt misses the orc warrior.
The orc warrior is heavily wounded.
You block the orc warrior's attack.
You hit the orc warrior but do no damage.
The orc warrior is heavily wounded.
The orc warrior hits you with a short sword!
* * * LOW HITPOINT WARNING * * *
You block the orc warrior's attack.
You take 9 damage, and have 22/68 hp.
MP restored: 10 You hit the orc warrior but do no damage.
The orc warrior is heavily wounded.
The orc warrior barely misses you.
You hit the orc warrior but do no damage.
You headbutt the orc warrior, but do no damage.
The orc warrior is heavily wounded.
The orc warrior hits you with a short sword!
* * * LOW HITPOINT WARNING * * *
You take 8 damage, and have 15/68 hp.
You slash the orc warrior!
The orc warrior is almost dead.
The orc warrior barely misses you. You furiously retaliate!
You headbutt the orc warrior, but do no damage.
You hit the orc warrior but do no damage.
The orc warrior is almost dead.
You block the orc warrior's attack.
Unknown command.
You hit the orc warrior.
You kill the orc warrior!
Okawaru accepts your kill.
Items here: )) [ † a short sword; a plate armour; a giant club; an ogre corpse You butcher the ogre corpse.
v - 4 chunks of flesh
Things that are here:
a short sword; a plate armour; a giant club Eat one of 4 chunks of flesh? (ye/n/q)
You eat one of the 4 chunks of flesh.
This raw flesh tastes terrible.
w - a plate armour
Items here: )) [ † a war axe; a leather armour; a falchion; an orc corpse Wear which item? (? for menu, Esc to quit)
You start removing your armour.
You continue taking off your +0 ring mail. x4
You finish taking off your +0 ring mail.
You start putting on your armour.
You continue putting on your plate armour. x5
You finish putting on your +0 plate armour.
You regained 6 hp, and now have 27/68 hp.
Wear which item? (? for menu, Esc to quit)
You start removing your armour.
You continue taking off your +0 plate armour. x4
You finish taking off your +0 plate armour.
You regained 3 hp, and now have 30/68 hp.
A gnoll is nearby!
A wight comes into view. It is wielding a scimitar.
You hit the wight but do no damage. The wight hits you with a scimitar.
* * * LOW HITPOINT WARNING * * *
You feel drained.
* * * LOW HITPOINT WARNING * * *
You closely miss the wight. The wight hits you with a scimitar!
* * * LOW HITPOINT WARNING * * *
You feel drained.
* * * LOW HITPOINT WARNING * * *
You barely miss the wight. The wight closely misses you.
You slash the wight!
The wight is almost destroyed.
The wight hits you with a scimitar!
* * * LOW HITPOINT WARNING * * *
You feel drained.
You die...

#....[.....>.
#............
#+####............
#...).............
#..>).............
#+...))#######.....
#......#.....'.....
##+###......#.....#.....
#......@....#.....#....)
#......z....#.....#.....
#...........#.....#.....
+...........#.....#.....
#...........#.....#.....
#.....##################
#..... #.....


You could see a wight.

Vanquished Creatures
  The ghost of Mirai the Digger, a novice GrEE of Vehumet (D:5)
  2 water moccasins (D:4)
  An orc warrior (D:6)
  2 ogres
  A phantom (D:6)
  Blork the orc (D:4)
  A scorpion (D:4)
  3 howler monkeys
  A crimson imp (D:5)
  2 centaur zombies
  4 hounds
  A bullfrog skeleton (D:2)
  2 orc wizards (D:5)
  3 iguanas
  2 worker ants
  Robin (D:4)
  9 adders
  An ooze (D:1)
  2 worms
  3 dart slugs
  4 leopard geckos
  12 orcs
  2 giant cockroaches
  18 goblins
  8 hobgoblins
  9 jackals
  6 kobolds
  5 quokkas
  A ball python (D:3)
  6 bats
  6 frilled lizards
  A leopard gecko skeleton (D:6)
  11 rats
132 creatures vanquished.

Notes
Turn   | Place    | Note
-------+----------+-------------------------------------------
     0 | D:1      | Monsterracer the Minotaur Wizard began the quest for the Orb.
     0 | D:1      | Reached XP level 1. HP: 14/14 MP: 2/2
   113 | D:1      | HP: 5/15 [dart slug/slug dart (3)]
   114 | D:1      | Reached skill level 1 in Fighting
   427 | D:1      | Reached XP level 2. HP: 21/24 MP: 4/4
   438 | D:1      | HP: 12/24 [jackal (1)]
   443 | D:1      | HP: 7/25 [goblin/club (2)]
   465 | D:1      | HP: 5/25 [goblin/club (4)]
   839 | D:1      | Found an iron altar of Okawaru.
   851 | D:1      | Became a worshipper of Warmaster Okawaru
   934 | D:1      | Reached skill level 1 in Axes
  1502 | D:2      | Reached XP level 3. HP: 24/30 MP: 5/5
  1702 | D:2      | HP: 15/30 [poisoned by an adder]
  1704 | D:2      | Reached skill level 2 in Axes
  1708 | D:2      | HP: 12/30 [poisoned by an adder]
  1715 | D:2      | HP: 11/30 [poisoned by an adder]
  1723 | D:2      | HP: 10/30 [poisoned by an adder]
  2036 | D:2      | Reached skill level 3 in Axes
  2252 | D:2      | Reached XP level 4. HP: 20/37 MP: 6/6
  2255 | D:2      | HP: 16/37 [kobold/club (3)]
  2557 | D:2      | Reached skill level 4 in Axes
  3042 | D:3      | Reached XP level 5. HP: 37/44 MP: 7/7
  3451 | D:3      | Reached skill level 1 in Armour
  3708 | D:4      | Reached skill level 1 in Shields
  3715 | D:4      | Found a sacrificial altar of Ru.
  3715 | D:4      | Noticed Robin
  3747 | D:4      | Killed Robin
  3773 | D:4      | HP: 19/45 [iguana (7)]
  3774 | D:4      | Reached * piety under Okawaru
  3861 | D:4      | Noticed an ogre
  3869 | D:5      | Entered Level 5 of the Dungeon
  3930 | D:5      | Reached skill level 5 in Axes
  3930 | D:5      | Reached XP level 6. HP: 28/51 MP: 5/8
  3939 | D:5      | HP: 24/51 [orc wizard/puff of flame (8)]
  3988 | D:5      | Reached skill level 1 in Invocations
  3995 | D:5      | HP: 21/52 [centaur zombie (7)]
  4058 | D:5      | Reached XP level 7. HP: 58/58 MP: 9/9
  4230 | D:4      | Reached ** piety under Okawaru
  4253 | D:4      | Noticed Blork the orc
  4265 | D:4      | HP: 26/58 [something (11)]
  4267 | D:4      | Killed Blork the orc
  4267 | D:4      | Reached skill level 6 in Axes
  4682 | D:4      | Found Xekli's Serpentskin Sales.
  4700 | D:4      | Reached XP level 8. HP: 36/67 MP: 8/10
  5003 | D:5      | Noticed Mirai's ghost (novice GrEE)
  5052 | D:5      | Killed Mirai's ghost
  5052 | D:5      | Reached skill level 7 in Axes
  5348 | D:6      | Reached skill level 5 in Fighting
  5405 | D:6      | HP: 31/68 [orc warrior/short sword (9)]
  5409 | D:6      | HP: 15/68 [orc warrior/short sword (8)]
  5438 | D:6      | HP: 29/68 [wight/scimitar (4)]
  5439 | D:6      | HP: 12/68 [wight/scimitar (5)]
  5441 | D:6      | HP: 1/68 [wight/scimitar (12)]
  5441 | D:6      | Slain by a wight

Skill      XL: |  1  2  3  4  5  6  7  8 |
---------------+-------------------------+-----
Fighting       | 2 3 4 5 |  5.3
Axes           | 1 3 4 5 6 7 |  7.9
Armour         | 1 2 3 4 |  4.3
Shields        | 1 2 3 4 |  4.0
Dodging        | 3 4 |  4.7
Invocations    | 1 2 3 |  3.2
Stealth        | |  1.5
Spellcasting   | |  2.1
Conjurations   | |  0.6
Summonings     | |  0.6
Translocations | |  0.6

Action                   |  1- 3 |  4- 6 |  7- 9 || total
-------------------------+-------+-------+-------++-------
Melee: Unarmed           |    14 |       |       ||    14
       Dagger            |    30 |       |       ||    30
       Headbutt          |    11 |    26 |    14 ||    51
       Hand axe          |    69 |    48 |       ||   117
       War axe           |       |   145 |   143 ||   288
       Whip              |       |     3 |       ||     3
 Cast: Magic Dart        |     6 |       |       ||     6
Invok: Heroism           |       |     1 |     5 ||     6
  Use: Scroll            |       |     5 |     2 ||     7
 Stab: Sleeping          |     1 |       |       ||     1
  Eat: Chunk             |     4 |     6 |     5 ||    15
Armor: Robe              |     8 |       |       ||     8
       Ring mail         |    17 |    71 |    43 ||   131
Dodge: Dodged            |    54 |   117 |    95 ||   266
Block: Buckler           |       |     4 |    34 ||    38

Vault maps used:
D:1:      dpeg_arrival_another_circle, okawaru_ov_weapons_minmay
D:2:      minmay_tall_x
D:3:      first_ration
D:4:      lemuel_round_altar, guppyfry_shop_venom, uniq_robin,
          uniq_blork_the_orc
D:6:      marbit_many_paths, lemuel_coloured_pillars_altar,
          roderic_st_hans_cross
